 Dungeon Crawl Stone Soup version 0.13-a0-2561-ge340899 (webtiles) character file.

1243 Kae the Conjurer (level 8, -5/41 HPs)
             Began as a Tengu Fire Elementalist on July 30, 2013.
             Slain by a phantom (7 damage)
             ... on Level 6 of the Dungeon.
             The game lasted 00:12:25 (7027 turns).

Kae the Conjurer (Tengu Fire Elementalist)          Turns: 7027, Time: 00:12:26

HP  -5/41        AC  3     Str  9      XL: 8   Next:  5%
MP   8/20        EV 13     Int 17      God:
Gold 357         SH  0     Dex 20      Spells:  3 memorised,  9 levels left

Res.Fire  : . . .   See Invis. : .   B - +1,+0 falchion (curse)
Res.Cold  : . . .   Warding    : .   a - +0 robe
Life Prot.: . . .   Conserve   : .   (no shield)
Res.Poison: .       Res.Corr.  : .   (helmet restricted)
Res.Elec. : .       Clarity    : .   (no cloak)
Sust.Abil.: . .     Spirit.Shd : .   i - +0 pair of gauntlets
Res.Mut.  : .       Stasis     : .   (boots unavailable)
Res.Rott. : .       Flight     : .   (no amulet)
Saprovore : . . .                    (no ring)
                                     p - cursed +5 ring of dexterity

@: slowed, very slow, slightly resistant to hostile enchantments, stealthy
A: able to fly, beak, talons 3
a: Fly


You were on level 6 of the Dungeon.
You were very hungry.

You visited 1 branch of the dungeon, and saw 6 of its levels.

You collected 337 gold pieces.

Inventory:

Hand weapons
 e - a +0,+0 dagger
 B - a cursed +1,+0 falchion (weapon)
Missiles
 g - 20 darts (quivered)
Armour
 a - a +0 robe (worn)
 i - a +0 pair of gauntlets (worn)
 l - a +0 cloak
Comestibles
 c - 4 bread rations
 d - a pear
 m - 2 meat rations
 s - a snozzcumber
 x - 2 apples
Scrolls
 f - a scroll of blinking
 h - 2 scrolls of fear
 j - a scroll of amnesia
 o - 3 scrolls of identify
Jewellery
 p - a cursed +5 ring of dexterity (left hand)
 r - a +2 ring of evasion {unknown}
 t - an uncursed amulet of resist mutation {unknown}
Potions
 k - 2 potions of porridge
 n - 2 potions of curing
 q - a potion of heal wounds {unknown}
 w - a potion of brilliance {unknown}
 A - a potion of mutation {unknown}
 C - a potion of resistance {unknown}
Books
 b - a book of Flames

   Spells                             Type                      Level
   *Flame Tongue                      Conjuration/Fire             1
   *Throw Flame                       Conjuration/Fire             2
   *Conjure Flame                     Conjuration/Fire             3
   Inner Flame                        Hexes/Fire                   3
   Sticky Flame                       Conjuration/Fire             4
   Fireball                           Conjuration/Fire             5
 u - a Necronomicon {highlevel}

   This book is beyond your current level of understanding.

   Spells                             Type                      Level
   Borgnjor's Revivification          Necromancy                   7
   Haunt                              Necromancy/Summoning         7
   Death's Door                       Charms/Necromancy            8
   Necromutation                      Transmutation/Necromancy     8


   Skills:
 - Level 2.1 Dodging
 - Level 2.0 Stealth
 + Level 4.0 Spellcasting
 * Level 8.2 Conjurations
 + Level 5.8 Fire Magic


You had 9 spell levels left.
You knew the following spells:

 Your Spells              Type           Power        Failure   Level  Hunger
a - Flame Tongue          Conj/Fire      ####.        1%          1    None
b - Throw Flame           Conj/Fire      ####..       1%          2    ##.....
c - Conjure Flame         Conj/Fire      ####....     2%          3    ###....


Dungeon Overview and Level Annotations

Branches:
Dungeon (6/27)                Orc (0/4) D:6
 Temple: D:4-7

Altars:
Makhleb
Xom
the Shining One

Annotations
D:5 Blork the orc


Innate Abilities, Weirdness & Mutations

You can fly.
You have a beak for a mouth.
You have claws for feet.


Message History

Aiming: Flame Tongue
Press: ? - help, Shift-Dir - straight line, f/p - wraith
Aim: a wraith (almost destroyed)
The flame hits the wraith.
You destroy the wraith!
Your Spellcasting skill increases to level 4!
Your Conjurations skill increases to level 8!
You have reached level 8!
You feel stronger.
The phantom hits you but does no damage.
The phantom blinks!
The phantom hits you!
* * * LOW HITPOINT WARNING * * *
The phantom blinks!
The phantom closely misses you. The phantom hits you.
* * * LOW HITPOINT WARNING * * *
The phantom blinks!
The phantom hits you!
You die...

#.#.####.#####.####.###..# #.
#.#.##................Z).######.
##.#...............Z.####........
#.........#####..z....z..........
.###.............##############..
## ##.....######Z# #.# # #.....#
#.# #.# ##...#######p# #.# #
#..........@# #.#
#####....######.p# #.# ........##
#..# #.# ##§####.# #..# #.# #§#
.### ...# #.. ##§## #...# .....
#######.... ..... §#8#§§?.#.#
#..... #######%#.###....#


You could see 2 phantoms, an ogre zombie and a goblin skeleton.

Vanquished Creatures
  A wraith (D:6)
  2 centaurs (D:5)
  A hippogriff zombie (D:6)
  A hound (D:5)
  A crimson imp (D:5)
  3 orc priests
  2 worker ants
  2 scorpions
  2 jellies (D:4)
  2 hound skeletons
  3 adders
  2 giant mites
  2 worms
  A giant eyeball (D:6)
  22 orcs
  2 ball pythons
  8 bats
  8 giant cockroaches
  16 hobgoblins
  21 jackals
  A sheep (D:4)
  2 giant geckos
  5 giant newts
  11 goblins
  3 hobgoblin skeletons
  11 kobolds
  An orc skeleton (D:3)
  2 quokkas
  20 rats
158 creatures vanquished.

Vanquished Creatures (others)
  A scorpion (D:6)
  A kobold zombie (D:6)
2 creatures vanquished.

Grand Total: 160 creatures vanquished

Notes
Turn   | Place    | Note
--------------------------------------------------------------
     0 | D:1      | Kae, the Tengu Fire Elementalist, began the quest for the Orb.
     0 | D:1      | Reached XP level 1. HP: 10/10 MP: 3/3
   205 | D:1      | Reached XP level 2. HP: 10/15 MP: 1/5
   911 | D:1      | Reached XP level 3. HP: 19/19 MP: 7/7
  1742 | D:2      | Reached XP level 4. HP: 24/24 MP: 5/8
  1980 | D:2      | Reached skill level 4 in Fire Magic
  2982 | D:3      | Reached XP level 5. HP: 24/28 MP: 7/11
  3080 | D:3      | Learned a level 2 spell: Throw Flame
  3084 | D:3      | Learned a level 3 spell: Conjure Flame
  3524 | D:3      | HP: 1/28 [orc priest/divine providence (13)]
  4249 | D:4      | Reached skill level 5 in Conjurations
  4354 | D:4      | Reached XP level 6. HP: 32/32 MP: 10/13
  4801 | D:4      | Reached skill level 5 in Fire Magic
  4909 | D:4      | Found a shimmering altar of Xom.
  4934 | D:4      | Reached skill level 6 in Conjurations
  4939 | D:4      | Got a wizard robe
  4945 | D:4      | Identified the cursed -3 robe of Surprise {Str+2 Dex+3} (You found it on level 4 of the Dungeon)
  5438 | D:5      | Entered Level 5 of the Dungeon
  5542 | D:5      | Reached XP level 7. HP: 20/36 MP: 16/16
  5773 | D:5      | Reached skill level 7 in Conjurations
  6312 | D:5      | Found a burning altar of Makhleb.
  6315 | D:5      | Found a glowing golden altar of the Shining One.
  6727 | D:6      | Noticed Blork the orc
  6991 | D:6      | Noticed a wraith
  6992 | D:6      | Found a staircase to the Orcish Mines.
  7017 | D:6      | Killed a wraith
  7017 | D:6      | Reached skill level 8 in Conjurations
  7017 | D:6      | Reached XP level 8. HP: 14/41 MP: 7/20
  7025 | D:6      | HP: 2/41 [phantom (6)]
  7027 | D:6      | Slain by a phantom

Action                   |  1- 3 |  4- 6 |  7- 9 || total
-------------------------+-------+-------+-------++-------
Melee: Unarmed           |    23 |       |       ||    23
       Dagger            |    18 |     4 |       ||    22
       Falchion          |       |    40 |    15 ||    55
Throw: Dart              |       |     1 |       ||     1
 Cast: Flame Tongue      |    59 |   178 |    55 ||   292
       Throw Flame       |       |    12 |     5 ||    17
       Conjure Flame     |       |     3 |       ||     3
 Abil: Fly               |       |     1 |     1 ||     2
  Use: Potion            |       |     1 |       ||     1
       Scroll            |       |    10 |       ||    10
 Stab: Sleeping          |     3 |     3 |       ||     6
